 Dungeon Crawl Stone Soup version 0.28-a0-802-g09f76e8c00 (webtiles) character file.

Game seed: 10366859028290948864

38 ytrimaz the Skirmisher (level 3, -2/29 HPs)
             Began as a Demonspawn Fighter on Nov 6, 2021.
             Slain by a gnoll (10 damage)
             ... on level 2 of the Dungeon.
             The game lasted 00:02:51 (1893 turns).

ytrimaz the Skirmisher (Demonspawn Fighter)         Turns: 1893, Time: 00:02:52

Health: -2/29      AC:  6    Str: 17    XL:     3   Next: 25%
Magic:  3/3        EV:  9    Int:  9    God:
Gold:   58         SH:  4    Dex: 12    Spells: 2/2 levels left

rFire   . . .      SeeInvis .     - Unarmed
rCold   . . .      Faith    .   c - +0 buckler
rNeg    . . .      Spirit   .   b - +0 scale mail
rPois   .          Reflect  .   (no helmet)
rElec   .          Harm     .   (no cloak)
rCorr   .          Rampage  .   (no gloves)
Will    .....                   (no boots)
Stlth   ..........              (no amulet)
HPRegen 0.09/turn               (no ring)
MPRegen 0.08/turn               (no ring)

@: mighty
A: claws 1
a: no special abilities


You were on level 2 of the Dungeon.
You visited 1 branch of the dungeon, and saw 2 of its levels.

You collected 58 gold pieces.

Inventory:

Hand Weapons
 a - a +0 rapier
Armour
 b - a +0 scale mail (worn)
 c - a +0 buckler (worn)
Jewellery
 e - a ring of see invisible
Scrolls
 f - 2 scrolls of enchant armour {unknown}
 h - a scroll of blinking {unknown}


   Skills:
 + Level 3.1 Fighting
 - Level 1.9 Short Blades
 + Level 2.9 Armour
 * Level 0.9 Dodging
 + Level 3.0 Shields
 * Level 1.1 Unarmed Combat


You had 2 spell levels left.
You didn't know any spells.
Your spell library was empty.

Dungeon Overview and Level Annotations

Branches:
Dungeon (2/15)

Altars:


Innate Abilities, Weirdness & Mutations

You have sharp fingernails.


Message History

You feel sick.
Your Shields skill increases to level 3!
Your Unarmed Combat skill increases to level 1!
* * * LOW HITPOINT WARNING * * *
You feel sick.
It was a potion of heal wounds.
You feel much better.
You feel sick.
Unknown command.
You feel sick.
You are no longer poisoned.
There is a stone staircase leading down here.
You climb downwards.
The gnoll hits you from afar with a +0 halberd.
The gnoll closely misses you. The gnoll barely misses you.
There is a stone staircase leading up here.
You scratch the gnoll.
The gnoll is moderately wounded.
The gnoll hits you with a +0 flail.
The gnoll hits you from afar with a +0 halberd.
You barely miss the gnoll.
The gnoll is moderately wounded.
The gnoll hits you but does no damage. The gnoll barely misses you.
You claw the gnoll!
The gnoll is severely wounded.
The gnoll hits you with a +0 flail. The gnoll barely misses you.
You closely miss the gnoll.
The gnoll is severely wounded.
The gnoll misses you. The gnoll barely misses you.
You closely miss the gnoll.
The gnoll is severely wounded.
The gnoll hits you with a +0 flail. The gnoll hits you but does no damage.
You scratch the gnoll.
The gnoll is almost dead.
The gnoll hits you with a +0 flail.
The gnoll hits you from afar with a +0 halberd.
* * * LOW HITPOINT WARNING * * *
You barely miss the gnoll.
The gnoll is almost dead.
The gnoll barely misses you.
The gnoll hits you from afar with a +0 halberd!
You die...

.....#.#.g.##.#
.#..........#..
#.#.#.#...##.... .
#.#...g....... ##
#.####.####### #.####g#
#......# #.######
##############
#.#########.g@..........
#..........g############
#############


You could see 2 gnolls.

Vanquished Creatures
  An adder (D:1)
  4 endoplasms (D:1)
  2 goblins (D:1)
  4 hobgoblins (D:1)
  5 ball pythons
  7 bats (D:1)
  2 kobolds (D:1)
  4 rats (D:1)
29 creatures vanquished.

Notes
Turn   | Place    | Note
-------+----------+-------------------------------------------
     0 | D:1      | ytrimaz the Demonspawn Fighter began the quest for the Orb.
     0 | D:1      | Reached XP level 1. HP: 18/18 MP: 1/1
   546 | D:1      | Gained mutation: You have sharp fingernails. [demonic
                  | ancestry]
   546 | D:1      | Reached XP level 2. HP: 24/24 MP: 2/2
  1666 | D:1      | Reached XP level 3. HP: 29/29 MP: 3/3
  1882 | D:1      | Reached skill level 1 in Unarmed Combat
  1893 | D:2      | Slain by a gnoll

Illustrated notes

Levels and vault maps discovered:
D:1:      dpeg_cavernosity, layout_basic
D:2:      layout_loops_ring, basic_altar, minmay_misc_feat_tiny,
          minmay_tetromino_i2

Skill      XL: |  1  2  3 |
---------------+----------+-----
Shields        | 3 |  3.0
Unarmed Combat | 1 |  1.1
Fighting       | |  3.1
Short Blades   | |  1.9
Armour         | |  2.9
Dodging        | |  0.9

Action                   || total
-------------------------++-------
Melee: Rapier            ||    37
       Unarmed           ||    91
  Use: Potion            ||     2
Armor: Scale mail        ||    62
Dodge: Dodged            ||    67
Block: Buckler           ||    33

Table legend: (Time is in decaauts)
 A = Elapsed time spent in this place.
 B = Non-inter-level travel time spent in this place.
 C = Inter-level travel time spent in this place.
 D = Time resting spent in this place.
 E = Time spent auto-exploring this place.
 F = Levels seen in this place.
 G = Mean time per level.
                   A        B        C        D        E       F      G
               +--------+--------+--------+--------+--------+-----+--------+
         Total |   1900 |   1870 |     30 |      0 |   1550 |   2 |  950.0 |
       Dungeon |   1900 |   1870 |     30 |      0 |   1550 |   2 |  950.0 |
               +--------+--------+--------+--------+--------+-----+--------+

Top non-repeatable levels by time:
     D:1: 1796 daAuts
     D:2: 104 daAuts
